NCAA
ALABAMA CRIMSON TIDE @ WASHINGTON HUSKIES
04/15/2026
 
TOP OF THE 1ST
Alabama Crimson Tide batting - Pitching for Washington Huskies : LHP Stanley Wise
Pitching: LHP Stanley Wise
Batting: RHB Greg Grant 0-0: Hit by Pitch
Batting: LHB Clayton Bailey 0-0: Ball
1-0: Called Strike
1-1: Ball
2-1: Ball
3-1: SINGLE (Groundball, 13) (infield hit)
Greg Grant to second
Batting: SHB Jorge Dávila 0-0: 3-RUN HOME RUN (Flyball, 7LD), Distance : 320 ft
Batting: RHB Stephen Nava 0-0: Ball
1-0: Foul Ball, location: 2F
1-1: Ball
2-1: Called Strike
2-2: Ball
3-2: Ground out 6-3 (Groundball, 6)
Batting: RHB Nick Vogel 0-0: Ball
1-0: Foul Ball, location: 2F
1-1: Ball
2-1: Foul Ball, location: 2F
2-2: Foul Ball, location: 2F
2-2: Foul Ball, location: 2F
2-2: Ball
3-2: Ground out 6-3 (Groundball, 6M)
Batting: RHB William Robinson 0-0: Fly out, F8 (Flyball, 8RM)
Top of the 1st over - 3 run(s), 2 hit(s), 0 error(s), 0 left on base; Alabama 3 - Washington 0
BOTTOM OF THE 1ST
Washington Huskies batting - Pitching for Alabama Crimson Tide : RHP Claude Cunningham
Pitching: RHP Claude Cunningham
Batting: RHB Mike Hall 0-0: Ball
1-0: Fly out, F3 (Popup, 3SF)
Batting: RHB Ben Johnson 0-0: Called Strike
0-1: Ball
1-1: SINGLE (Groundball, 56D)
Batting: LHB Sam Clay 0-0: Foul Ball, location: 2F
0-1: Foul Ball, location: 2F
0-2: Ball
1-2: Ball
2-2: SINGLE (Groundball, 5D)
Ben Johnson to second
Batting: LHB António Muńóz 0-0: Ball
1-0: Ball
2-0: SINGLE (Flyball, 78M)
Ben Johnson to third
Sam Clay to second
Runner from 3rd tries for Home, SAFE, throw made home
Sam Clay to third
António Muńóz to second
Batting: RHB Carlos Sousa 0-0: Ball
1-0: Foul Ball, location: 2F
1-1: Foul Ball, location: 2F
1-2: Foul Ball, location: 2F
1-2: Foul Ball, location: 2F
1-2: Ball
2-2: Ball
3-2: Foul Ball, location: 2F
3-2: Base on Balls
Batting: RHB Christian Martin 0-0: Foul Ball, location: 2F
0-1: Foul Ball, location: 2F
0-2: Foul Ball, location: 2F
0-2: Strikes out swinging
Batting: RHB Luis Maestas 0-0: Swinging Strike
0-1: Ball
1-1: Foul Ball, location: 2F
1-2: Ground out 6-3 (Groundball, 6)
Bottom of the 1st over - 1 run(s), 3 hit(s), 0 error(s), 3 left on base; Alabama 3 - Washington 1
TOP OF THE 2ND
Alabama Crimson Tide batting - Pitching for Washington Huskies : LHP Stanley Wise
Batting: RHB Walt McDonald 0-0: Called Strike
0-1: Ball
1-1: Foul Ball, location: 2F
1-2: Ball
2-2: Strikes out looking
Batting: RHB Scott Graves 0-0: Ball
1-0: Fly out, F7 (Flyball, 78M)
Batting: LHB Chris White 0-0: Ball
1-0: Called Strike
1-1: Swinging Strike
1-2: Strikes out swinging
Top of the 2nd over - 0 run(s), 0 hit(s), 0 error(s), 0 left on base; Alabama 3 - Washington 1
BOTTOM OF THE 2ND
Washington Huskies batting - Pitching for Alabama Crimson Tide : RHP Claude Cunningham
Batting: SHB José Ruíz 0-0: Ball
1-0: Ball
2-0: Called Strike
2-1: Foul Ball, location: 2F
2-2: Ball
3-2: Ground out 1-3 (Groundball, 13)
Batting: RHB Toby Hurley 0-0: Ball
1-0: Ball
2-0: Foul Ball, location: 2F
2-1: Ball
3-1: Foul Ball, location: 2F
3-2: Base on Balls
Batting: RHB Mike Hall 0-0: Ball
1-0: Ball
2-0: Ball
3-0: Called Strike
3-1: Fly out, F8 (Flyball, 8LS)
Batting: RHB Ben Johnson 0-0: Ball
1-0: Ball
2-0: Swinging Strike
2-1: Called Strike
2-2: Fly out, F7 (Line Drive, 7M)
Bottom of the 2nd over - 0 run(s), 0 hit(s), 0 error(s), 1 left on base; Alabama 3 - Washington 1
TOP OF THE 3RD
Alabama Crimson Tide batting - Pitching for Washington Huskies : LHP Stanley Wise
Batting: RHB Greg Grant 0-0: Called Strike
0-1: Ball
1-1: Ball
2-1: Fly out, F7 (Line Drive, 7D)
Batting: LHB Clayton Bailey 0-0: Called Strike
0-1: Ball
1-1: Called Strike
1-2: Foul Ball, location: 2F
1-2: Foul Ball, location: 2F
1-2: Foul Ball, location: 2F
1-2: Strikes out looking
Batting: SHB Jorge Dávila 0-0: Ball
1-0: Foul Ball, location: 2F
1-1: Foul Ball, location: 2F
1-2: Reached on error, E5 (Groundball, 56S)
Batting: RHB Stephen Nava 0-0: Ball
Wild Pitch!
Jorge Dávila to second
1-0: Called Strike
1-1: Called Strike
1-2: Strikes out swinging
Top of the 3rd over - 0 run(s), 0 hit(s), 1 error(s), 1 left on base; Alabama 3 - Washington 1
BOTTOM OF THE 3RD
Washington Huskies batting - Pitching for Alabama Crimson Tide : RHP Claude Cunningham
Batting: LHB Sam Clay 0-0: Ball
1-0: Ball
2-0: Ball
3-0: Called Strike
3-1: Called Strike
3-2: SINGLE (Groundball, 5D)
Batting: LHB António Muńóz 0-0: Ball
1-0: Called Strike
1-1: Foul Ball, location: 2F
1-2: Strikes out swinging
Batting: RHB Carlos Sousa 0-0: Ball
Sam Clay steals 2nd base
1-0: Ball
2-0: Called Strike
2-1: SINGLE (Line Drive, 3D)
Sam Clay to third
Batting: RHB Christian Martin 0-0: Called Strike
0-1: Called Strike
0-2: Grounds into double play, 4-6-3 (Groundball, 34)
Bottom of the 3rd over - 0 run(s), 2 hit(s), 0 error(s), 1 left on base; Alabama 3 - Washington 1
TOP OF THE 4TH
Alabama Crimson Tide batting - Pitching for Washington Huskies : LHP Stanley Wise
Batting: RHB Nick Vogel 0-0: Ball
1-0: Foul Ball, location: 2F
1-1: Swinging Strike
1-2: Ball
2-2: Foul Ball, location: 2F
2-2: Fly out, F2 (Popup, 2RF)
Batting: RHB William Robinson 0-0: Ball
1-0: Swinging Strike
1-1: Foul Ball, location: 2F
1-2: Foul Ball, location: 2F
1-2: Strikes out swinging
Batting: RHB Walt McDonald 0-0: Fly out, F7 (Flyball, 78M)
Top of the 4th over - 0 run(s), 0 hit(s), 0 error(s), 0 left on base; Alabama 3 - Washington 1
BOTTOM OF THE 4TH
Washington Huskies batting - Pitching for Alabama Crimson Tide : RHP Claude Cunningham
Batting: RHB Luis Maestas 0-0: Ball
1-0: Swinging Strike
1-1: Foul Ball, location: 2F
1-2: SINGLE (Line Drive, 4MD)
Batting: SHB José Ruíz 0-0: Fielders Choice at 2nd, 4-6 (Groundball, 4)
Batting: RHB Toby Hurley 0-0: Foul Ball, location: 2F
0-1: Fly out, F4 (Popup, 3D)
Batting: RHB Mike Hall 0-0: Ball
1-0: Called Strike
1-1: Ball
2-1: Swinging Strike
2-2: Ball
3-2: Base on Balls
José Ruíz to second
Pitching: LHP Adam Patrick
Batting: RHB Ben Johnson 0-0: Ball
1-0: Swinging Strike
1-1: Foul Ball, location: 2F
1-2: Ball
2-2: Ball
3-2: SINGLE (Flyball, 9S)
José Ruíz to third
Mike Hall to second
José Ruíz scores
Mike Hall to third
Batting: LHB Sam Clay 0-0: Ball
1-0: Ball
2-0: Ball
3-0: Called Strike
3-1: Foul Ball, location: 2F
3-2: Base on Balls
Ben Johnson to second
Batting: LHB António Muńóz 0-0: Ball
1-0: Ball
2-0: Called Strike
2-1: Foul Ball, location: 2F
2-2: Strikes out swinging
Bottom of the 4th over - 1 run(s), 2 hit(s), 0 error(s), 3 left on base; Alabama 3 - Washington 2
TOP OF THE 5TH
Alabama Crimson Tide batting - Pitching for Washington Huskies : LHP Stanley Wise
Batting: RHB Scott Graves 0-0: Swinging Strike
0-1: Called Strike
0-2: Foul Ball, location: 2F
0-2: Strikes out looking
Batting: LHB Chris White 0-0: Ball
1-0: Fly out, F6 (Popup, 6M)
Batting: RHB Greg Grant 0-0: TRIPLE (Line Drive, 89M)
Batting: LHB Clayton Bailey 0-0: Ball
1-0: Foul Ball, location: 2F
1-1: Ground out 4-3 (Groundball, 4)
Top of the 5th over - 0 run(s), 1 hit(s), 0 error(s), 1 left on base; Alabama 3 - Washington 2
BOTTOM OF THE 5TH
Washington Huskies batting - Pitching for Alabama Crimson Tide : LHP Adam Patrick
Batting: RHB Carlos Sousa 0-0: Called Strike
0-1: Fly out, F8 (Line Drive, 8LD)
Batting: RHB Christian Martin 0-0: Foul Ball, location: 2F
0-1: Called Strike
0-2: Ball
1-2: Ball
2-2: Foul Ball, location: 2F
2-2: Ball
3-2: Ground out 6-3 (Groundball, 6)
Batting: RHB Luis Maestas 0-0: Fly out, F4 (Line Drive, 4)
Bottom of the 5th over - 0 run(s), 0 hit(s), 0 error(s), 0 left on base; Alabama 3 - Washington 2
TOP OF THE 6TH
Alabama Crimson Tide batting - Pitching for Washington Huskies : LHP Stanley Wise
Batting: SHB Jorge Dávila 0-0: Foul Ball, location: 2F
0-1: Ball
1-1: Foul Ball, location: 2F
1-2: Foul Ball, location: 2F
1-2: Ball
2-2: Ball
3-2: Strikes out swinging
Pitching: RHP Cory Graham
Batting: RHB Stephen Nava 0-0: Fly out, F8 (Flyball, 8RM)
Batting: RHB Nick Vogel 0-0: Ball
1-0: Called Strike
1-1: Ball
2-1: Ball
3-1: Foul Ball, location: 2F
3-2: Foul Ball, location: 2F
3-2: Base on Balls
Batting: RHB William Robinson 0-0: Foul Ball, location: 2F
0-1: Fielders Choice at 2nd, U6 (Groundball, 6M)
Top of the 6th over - 0 run(s), 0 hit(s), 0 error(s), 1 left on base; Alabama 3 - Washington 2
BOTTOM OF THE 6TH
Washington Huskies batting - Pitching for Alabama Crimson Tide : LHP Adam Patrick
Batting: SHB José Ruíz 0-0: Called Strike
0-1: DOUBLE (Groundball, 5D)
Batting: RHB Toby Hurley 0-0: Swinging Strike
0-1: Swinging Strike
0-2: Ball
1-2: Foul Ball, location: 2F
Single, Error in OF, E7, batter to second base
José Ruíz scores
Batting: RHB Mike Hall 0-0: Called Strike
0-1: Called Strike
0-2: Strikes out swinging
Batting: RHB Ben Johnson 0-0: Ball
1-0: Ball
2-0: Ball
3-0: Base on Balls
Batting: LHB Sam Clay 0-0: Called Strike
0-1: Swinging Strike
0-2: Ball
1-2: Ball
2-2: Strikes out swinging
Batting: LHB António Muńóz 0-0: Ball
1-0: Ball
2-0: Ball
3-0: Base on Balls
Toby Hurley to third
Ben Johnson to second
Batting: RHB Carlos Sousa 0-0: Ball
1-0: Called Strike
1-1: Foul Ball, location: 2F
1-2: Ball
2-2: Foul Ball, location: 2F
2-2: Fly out, F7 (Flyball, 7LS)
Bottom of the 6th over - 1 run(s), 2 hit(s), 1 error(s), 3 left on base; Alabama 3 - Washington 3
TOP OF THE 7TH
Alabama Crimson Tide batting - Pitching for Washington Huskies : RHP Cory Graham
Batting: RHB Walt McDonald 0-0: Ball
1-0: Reached on error, E5 (Groundball, 5S)
Batting: RHB Scott Graves 0-0: Bunt missed!
0-1: Sac Bunt - play at first, batter safe!
Walt McDonald to second
Batting: LHB Chris White 0-0: Bunted foul
0-1: Sac Bunt - play at first, batter OUT! 1-4
Walt McDonald to third
Scott Graves to second
Batting: RHB Greg Grant 0-0: Ball
1-0: Ball
2-0: Called Strike
2-1: Foul Ball, location: 2F
2-2: Fly out, F4 (Popup, 4D)
Batting: LHB Clayton Bailey 0-0: Called Strike
0-1: Called Strike
0-2: Ball
1-2: Reached on Error, E8 (Flyball, 8LS)
Walt McDonald scores
Scott Graves scores
Batting: SHB Jorge Dávila 0-0: Foul Ball, location: 2F
0-1: Foul Ball, location: 2F
0-2: Ball
1-2: Strikes out swinging
Top of the 7th over - 2 run(s), 1 hit(s), 2 error(s), 1 left on base; Alabama 5 - Washington 3
BOTTOM OF THE 7TH
Washington Huskies batting - Pitching for Alabama Crimson Tide : LHP Adam Patrick
Pitching: RHP Curt Dunn
Batting: RHB Christian Martin 0-0: Ball
1-0: Ball
2-0: Reached on error, E3 (Groundball, 3S)
Batting: RHB Luis Maestas 0-0: Called Strike
0-1: Ball
1-1: Called Strike
1-2: Ball
2-2: Ball
3-2: Strikes out swinging
Batting: SHB José Ruíz 0-0: Ball
Wild Pitch!
Christian Martin to second
1-0: Ball
2-0: SINGLE (Line Drive, 34D)
Christian Martin to third
Batting: RHB Toby Hurley 0-0: Ball
1-0: Foul Ball, location: 2F
1-1: Swinging Strike
1-2: Ball
2-2: Strikes out swinging
Batting: RHB Mike Hall 0-0: Called Strike
0-1: Called Strike
0-2: Fielders Choice at 2nd, U6 (Groundball, 6M)
Bottom of the 7th over - 0 run(s), 1 hit(s), 1 error(s), 2 left on base; Alabama 5 - Washington 3
TOP OF THE 8TH
Alabama Crimson Tide batting - Pitching for Washington Huskies : RHP Cory Graham
Batting: RHB Stephen Nava 0-0: Ball
1-0: Foul Ball, location: 2F
1-1: Ball
2-1: Foul Ball, location: 2F
2-2: Strikes out swinging
Pitching: LHP Jason Smith
Batting: RHB Nick Vogel 0-0: Called Strike
0-1: Called Strike
0-2: Ball
1-2: Foul Ball, location: 2F
1-2: Strikes out looking
Batting: RHB William Robinson 0-0: Foul Ball, location: 2F
0-1: Ball
1-1: Ball
2-1: Foul Ball, location: 2F
2-2: Ball
3-2: Base on Balls
Batting: RHB Walt McDonald 0-0: Ball
1-0: Called Strike
1-1: Swinging Strike
1-2: Strikes out swinging
Top of the 8th over - 0 run(s), 0 hit(s), 0 error(s), 1 left on base; Alabama 5 - Washington 3
BOTTOM OF THE 8TH
Washington Huskies batting - Pitching for Alabama Crimson Tide : RHP Curt Dunn
Now at C: Rick Miller
Now in LF: Jeffrey Hunter
Batting: RHB Ben Johnson 0-0: Called Strike
0-1: Fly out, F9 (Flyball, 9S)
Batting: LHB Sam Clay 0-0: SINGLE (Flyball, 8RS)
Pitching: LHP Dave Hughes
Batting: LHB António Muńóz 0-0: Ball
1-0: Fly out, F7 (Flyball, 7S)
Pitching: RHP Michael Cole
Batting: RHB Carlos Sousa 0-0: Called Strike
0-1: Ball
1-1: Ball
2-1: Ball
3-1: Base on Balls
Sam Clay to second
Batting: RHB Christian Martin 0-0: Called Strike
0-1: Ball
1-1: Called Strike
1-2: Foul Ball, location: 2F
1-2: Foul Ball, location: 2F
1-2: Ball
2-2: Ball
3-2: Strikes out swinging
Bottom of the 8th over - 0 run(s), 1 hit(s), 0 error(s), 2 left on base; Alabama 5 - Washington 3
TOP OF THE 9TH
Alabama Crimson Tide batting - Pitching for Washington Huskies : LHP Jason Smith
Batting: RHB Scott Graves 0-0: Called Strike
0-1: Ball
1-1: Swinging Strike
1-2: Ball
2-2: Strikes out swinging
Batting: LHB Chris White 0-0: Fly out, F6 (Popup, 6MD)
Batting: RHB Greg Grant 0-0: Ground out 1-3 (Groundball, 15)
Top of the 9th over - 0 run(s), 0 hit(s), 0 error(s), 0 left on base; Alabama 5 - Washington 3
BOTTOM OF THE 9TH
Washington Huskies batting - Pitching for Alabama Crimson Tide : RHP Michael Cole
Pitching: LHP Travis Thompson
Batting: RHB Luis Maestas 0-0: Ball
1-0: Swinging Strike
1-1: Ball
2-1: Foul Ball, location: 2F
2-2: Foul Ball, location: 2F
2-2: Ground out 5-3 (Groundball, 5)
Batting: SHB José Ruíz 0-0: Foul Ball, location: 2F
0-1: Swinging Strike
0-2: Foul Ball, location: 2F
0-2: Hit by Pitch
Pinch Runner at 1st Jeff O'Toole:
Batting: RHB Toby Hurley 0-0: Foul Ball, location: 2F
0-1: Called Strike
0-2: Ball
1-2: Foul Ball, location: 2F
1-2: Strikes out swinging
Batting: RHB Mike Hall 0-0: Fly out, F8 (Flyball, 8RM)
Bottom of the 9th over - 0 run(s), 0 hit(s), 0 error(s), 1 left on base; Alabama 5 - Washington 3
Monday, December 5th, 2016 - OOTP Baseball 17.12 Build 75